 Dungeon Crawl Stone Soup version 0.16.1-25-gbcee3f8 (webtiles) character file.

349477 hannobal the Shatterer (level 22, -18/245 (247) HPs)
             Began as an Ogre Hunter on May 10, 2015.
             Was a High Priest of Fedhas.
             Hit by a large rock thrown by a stone giant (39 damage)
             ... on level 2 of the Depths on May 17, 2015.
             The game lasted 09:09:09 (73304 turns).

hannobal the Shatterer (Ogre Hunter)               Turns: 73304, Time: 09:09:09

HP:   -18/245 (247) AC:  8    Str: 23    XL:     22   Next: 19%
MP:   35/36         EV: 21    Int: 15    God:    Fedhas [*****.]
Gold: 111           SH:  0    Dex: 18    Spells: 13 memorised, 1 level left

rFire  + . .     SeeInvis .     a - +7 giant spiked club (flame)
rCold  + . .     Clarity  .     p - +0 troll leather armour {Snorg}
rNeg   . . .     SustAb   .     (shield restricted)
rPois  .         Gourm    +     Z - +1 hat {MR+}
rElec  +         Spirit   .     e - +0 cloak {rC+}
rCorr  .         Warding  .     (gloves unavailable)
rMut   .         Stasis   .     (boots unavailable)
MR     +++++                    x - amulet "Stexoad" {Gourm rElec Dex+4}
Stlth  ++........               m - ring of protection from fire
                                n - ring "Fes Ska" {Wiz MR++ Dex+2}

@: about to teleport, repel missiles, almost entirely resistant to hostile
enchantments, unstealthy
A: unfitting armour, tough skin 1
a: Evolution, Sunlight, Growth, Reproduction, Rain, Renounce Religion
}: 2/15 runes: decaying, serpentine


You were on level 2 of the Depths.
You worshipped Fedhas.
Fedhas was extremely pleased with you.
You were completely stuffed.

You visited 9 branches of the dungeon, and saw 47 of its levels.
You visited 1 bazaar.
You also visited: Sewer and Ice Cave.

You collected 4623 gold pieces.
You spent 4512 gold pieces at shops.

Inventory:

Hand weapons
 a - a +7 giant spiked club of flaming (weapon)
 b - a +0 blowgun
 h - a +2 great mace of holy wrath
Missiles
 l - 27 large rocks (quivered)
 w - 12 curare-tipped needles
 I - 5 throwing nets {=f}
 S - 3 javelins
Armour
 e - a +0 cloak of cold resistance (worn)
 p - a +0 troll leather armour (worn) {Snorg}
 Z - a +1 hat of magic resistance (worn)
Rods
 F - a +1 rod of destruction (9/9)
   (You took it off a yaktaur captain on level 4 of the Vaults)
Jewellery
 f - an uncursed ring of invisibility
 m - a ring of protection from fire (right hand)
 n - the ring "Fes Ska" (left hand) {Wiz MR++ Dex+2}
   (You bought it in a shop in a bazaar)

   [ring of wizardry]

   It improves your spell success rate.
   It affects your dexterity (+2).
   It affects your resistance to hostile enchantments.
 o - an uncursed ring of sustain abilities
 s - an uncursed ring of see invisible
 t - an uncursed amulet of warding
 u - an uncursed amulet of resist mutation
 x - the amulet "Stexoad" (around neck) {Gourm rElec Dex+4}
   (You took it off a deep elf priest on level 2 of the Elven Halls)

   [amulet of the gourmand]

   It allows you to eat raw meat even when not hungry.
   It affects your dexterity (+4).
   It insulates you from electricity.
 y - a +5 ring of evasion
 z - an uncursed ring of poison resistance
Magical devices
 g - a wand of paralysis (7)
 v - a wand of disintegration (19)
 D - a wand of digging (12)
 L - a wand of teleportation (5)
 V - a wand of enslavement (10)
Scrolls
 i - 11 scrolls of identify
 r - 10 scrolls of remove curse
 G - 6 scrolls of recharging
 H - 6 scrolls of magic mapping
 M - 4 scrolls of teleportation
 W - 4 scrolls of fog
 Y - a scroll of silence
Potions
 d - 6 potions of might
 C - 2 potions of agility
 E - a potion of heal wounds
 K - 3 potions of magic
 N - 14 potions of curing
 O - a potion of berserk rage
 Q - 6 potions of cancellation
Miscellaneous
 c - a lantern of shadows
 q - a phantom mirror
 A - an ornate deck of wonders {Dowsing}
 J - a fan of gales
Comestibles
 j - 3 chunks of flesh
 T - 16 meat rations
 U - 17 fruits {!e}
 X - 16 bread rations


   Skills:
 - Level 20.1 Fighting
 - Level 22.0 Maces & Flails
   Level 3.7(9.1) Slings
 - Level 17.0(17.2) Throwing
 - Level 4.5 Armour
 - Level 15.0 Dodging
 - Level 1.0 Stealth
 + Level 9.1 Spellcasting
 - Level 1.3 Hexes
 - Level 5.0 Charms
 - Level 1.4 Summonings
   Level 1.0 Necromancy
 - Level 10.0 Translocations
 - Level 4.0 Air Magic
 - Level 1.0 Poison Magic
 - Level 10.0 Invocations
 - Level 4.0 Evocations


You had one spell level left.
You knew the following spells:

 Your Spells              Type           Power        Failure   Level  Hunger
a - Apportation           Tloc           #####.....   1%          1    None
b - Blink                 Tloc           N/A          1%          2    None
c - Cure Poison           Pois           #.........   6%          2    None
d - Dispersal             Tloc           #####.....   14%         6    ######.
e - Swiftness             Chrm/Air       ###.....     1%          2    None
f - Flight                Chrm/Air       ###.......   3%          3    #......
g - Passage of Golubria   Tloc           N/A          1%          4    ###....
h - Controlled Blink      Tloc           N/A          83%         7    #######
i - Summon Butterflies    Summ           ##......     4%          1    None
m - Repel Missiles        Chrm/Air       ###...       1%          2    None
p - Portal Projectile     Tloc           #####.       1%          3    #......
s - Shroud of Golubria    Chrm/Tloc      ####......   1%          2    None
w - Spectral Weapon       Hex/Chrm       ###.....     4%          3    #......


Dungeon Overview and Level Annotations

Branches:
Dungeon (15/15)            Temple (1/1) D:4            Lair (8/8) D:11
  Swamp (5/5) Lair:4        Snake (5/5) Lair:5        Slime (0/6) Lair:7
    Orc (4/4) D:9             Elf (2/3) Orc:4        Vaults (4/5) D:14
  Crypt (0/3) Vaults:2     Depths (3/5) D:15

Altars:
Ashenzari
Cheibriados
Dithmenos
Elyvilon
Fedhas
Gozag
Kikubaaqudgha
Makhleb
Nemelex Xobeh
Okawaru
Qazlal
Ru
Sif Muna
Trog
Vehumet
Xom
Yredelemnul
Zin
The Shining One
Jiyva

Shops:
D:4 *   D:6 [   D:7 ?   D:12 :}*}   Orc:3 %   Orc:4 [[%%   Snake:1 %
Snake:4 %   Vaults:1 }   Vaults:2 %

Portals:
Hell: Depths:1 Depths:2
Abyss: Depths:1
Ziggurat: Depths:2

Annotations:
D:5 exclusion: upstairs
Snake:2 exclusion: downstairs
Orc:2 exclusions: downstairs and upstairs
Orc:3 exclusion: 2 upstairs
Orc:4 exclusion: upstairs
Elf:2 2 exclusions


Innate Abilities, Weirdness & Mutations

You are too large for most types of armour.
You have tough skin (AC +1).


Message History

The hell knight shouts!
A hell knight comes into view. It is wielding a demon whip of pain.
Read which item? (? for menu, Esc to quit)
As you read the scroll of teleportation, it crumbles to dust.
You feel strangely unstable.
The hell knight gestures wildly while chanting.
The hell knight seems to speed up.
The hell knight closely misses you.
Unknown command.
A hell knight comes into view. It is wielding a long sword of flaming.
The hell knight shouts!
The hell knight gestures wildly while chanting.
The hell knight seems to speed up.
The vampire knight hits you with a long sword.
* * * LOW HITPOINT WARNING * * *
The vampire knight bites you.
* * * LOW HITPOINT WARNING * * *
The vampire knight draws strength from your injuries!
The stone giant throws a large rock.
The large rock hits you!!!
You die...
Fedhas appreciates your contribution to the ecosystem. ##... ##....## #... #....## #ppp

###'..#
#.p# #
#..'###
#..#W#
#....#
#..#p#
#....#
#....#
#..≈.#
#pp#
#.≈..#
#V@#
#(≈..#
#....#
#..≈.#
#.C#.#
#....#
#..#.#
#....#
#..# #
#..'###
#...
###'..#
#...
#..(.##
##..
##....##
#..+#
#..≈..#


You could see a stone giant, a vampire knight, 6 hell knights, a phantasmal
warrior (wandering) and a necromancer.

Vanquished Creatures
  Sojobo (Depths:1)
  Norris (Depths:1)
  Mennas (Vaults:4)
  A bone dragon (Swamp:5)
  A tentacled monstrosity (Vaults:3)
  Vashnia (Snake:2)
  A lich (Vaults:3)
  A sphinx (Vaults:4)
  Rupert (Lair:8)
  Agnes (Swamp:1)
  4 tengu reavers
  3 frost giants
  2 emperor scorpions (Depths:1)
  4 vault wardens
  7 greater nagas
  3 fire giants
  Aizul (Depths:1)
  An orc warlord (Orc:3)
  Jorgrun (Snake:2)
  10 ironheart preservers
  2 stone giants
  2 very ugly things (Depths:1)
  A ghost crab (Swamp:5)
  4 rakshasas
  A deep elf annihilator (Vaults:4)
  2 deep elf demonologists
  A vampire knight (Depths:1)
  4 ettins
  Snorg (Orc:3)
  An unborn (Vaults:2)
  5 vault guards
  13 fire dragons
  Josephine (Orc:3)
  11 yaktaur captains
  2 great orbs of eyes
  8 naga warriors
  4 ice dragons
  2 catoblepae
  Nessos (D:13)
  20 anacondas
  19 hydras
  10 ogre magi
  The ghost of jazmu the Fighter, a powerful GrAs of Trog (D:12)
  3 deep troll shamans (Depths:2)
  18 death yaks
  16 centaur warriors
  A wandering mushroom (Lair:6)
  9 alligators
  5 tengu warriors
  3 naga ritualists
  12 naga sharpshooters
  A soul eater (Depths:1)
  3 orc high priests
  An iron troll (Depths:2)
  6 shock serpents
  Erolcha (D:13)
  5 skeletal warriors (Vaults:1)
  2 shadow wraiths (Vaults:1)
  9 hell knights
  12 deep elf knights
  2 ice devils (IceCv)
  2 giant orange brains
  A salamander mystic (Snake:5)
  A spriggan druid (Swamp:5)
  4 unseen horrors
  2 shadow demons (Elf:2)
  4 hill giants
  18 deep elf summoners
  A flayed ghost (Vaults:4)
  3 ice statues
  3 swamp dragons
  2 wizards
  A spectral hydra (Swamp:5)
  7 necromancers
  Pikel (D:5)
  17 ironbrand convokers
  11 deep elf conjurers
  10 deep trolls
  15 orc knights
  6 mana vipers
  A wolf spider zombie (D:14)
  40 ugly things
  6 cyclopes
  5 griffons
  2 orc sorcerers
  3 wolf spiders
  6 salamanders
  2 phantasmal warriors
  2 hornets
  A frost giant zombie (Vaults:4)
  4 manticores
  13 elephants
  A black mamba (shapeshifter) (Vaults:3)
  7 vault sentinels
  Maurice (D:8)
  10 guardian serpents
  Joseph (D:8)
  A guardian serpent (shapeshifter) (Vaults:2)
  3 centaur zombies
  19 spiny frogs
  33 black mambas
  10 naga magi
  A gargoyle (D:11)
  A spiny frog (shapeshifter) (Depths:1)
  21 yaktaurs
  4 komodo dragons
  5 swamp worm zombies (Swamp:5)
  5 fire drakes
  6 trolls
  3 kobold demonologists
  A giant leech (Swamp:1)
  3 freezing wraiths
  10 blue devils (IceCv)
  A hydra zombie (Swamp:5)
  A tengu conjurer (D:14)
  3 polar bears
  A troll (shapeshifter) (Vaults:3)
  21 two-headed ogres
  35 slime creatures
  Grinder (D:4)
  A human simulacrum (Vaults:4)
  A spectral swamp dragon (Swamp:5)
  Prince Ribbit (D:7)
  13 ravens
  5 deep elf priests
  A jumping spider (Elf:1)
  7 bog bodies
  6 boulder beetles
  4 baby alligators (Swamp:1)
  A wind drake (shapeshifter) (Vaults:3)
  4 basilisks
  6 blink frogs
  2 spriggans (shapeshifter)
  2 alligator zombies (Swamp:5)
  A fire elemental (Lair:7)
  3 spriggans
  3 shadows
  6 water elementals
  6 wraiths
  11 redbacks
  7 wyverns
  2 hungry ghosts
  44 yaks
  A tarantella (Vaults:2)
  A tarantella (shapeshifter) (Vaults:1)
  14 deep elf magi
  2 vampires
  9 hippogriffs
  20 deep elf fighters
  7 wolves
  35 vampire mosquitoes
  2 mottled dragons
  2 deep troll zombies (Vaults:1)
  Menkaure (D:7)
  29 insubstantial wisps
  27 swamp worms
  9 wargs
  44 water moccasins
  47 nagas
  36 orc warriors
  7 swamp drakes
  An eye of draining (shapeshifter) (Vaults:1)
  14 porcupines
  2 slaves
  2 phantoms
  2 ice beasts
  19 boggarts
  40 ogres
  2 black bears
  2 swamp dragon zombies (Swamp:5)
  6 wasps
  A wasp (shapeshifter) (Vaults:1)
  25 centaurs
  A necrophage (D:9)
  An orc skeleton (Vaults:1)
  Duvessa (D:6)
  2 boring beetles
  A big kobold (shapeshifter) (Elf:1)
  A brain worm (D:9)
  20 giant frogs
  19 crocodiles
  2 big kobolds (Sewer)
  Blork the orc (D:7)
  A wyvern zombie (D:14)
  2 human skeletons
  A wyvern skeleton (D:14)
  An elf simulacrum (Vaults:1)
  4 scorpions
  8 wights
  A vampire bat (Lair:2)
  4 killer bees (D:14)
  3 electric eels
  9 hounds
  Dowan (D:6)
  A goliath beetle (D:9)
  A quasit (D:11)
  5 lava snakes (Snake:5)
  8 crimson imps
  4 jellies
  34 orc priests
  A giant frog zombie (D:13)
  A gnoll shaman (D:5)
  3 centaur skeletons
  A giant frog skeleton (D:5)
  34 orc wizards
  5 hell rats
  14 iguanas
  9 worker ants
  17 sheep
  Jessica (D:7)
  A hound zombie (D:9)
  2 hound skeletons
  2 mummies
  7 gnolls
  72 river rats
  A swamp drake zombie (Swamp:5)
  2 shadow imps
  12 white imps
  30 adders
  A giant mite (D:7)
  4 worms (D:6)
  8 ufetubi
  3 adder skeletons
  6 giant geckos
  182 orcs
  8 ball pythons
  A bat skeleton (D:6)
  23 goblins
  14 hobgoblins
  12 jackals
  2 oozes
  9 quokkas
  A ball python skeleton (D:5)
  19 bats
  11 giant cockroaches
  11 giant newts
  27 kobolds
  A quokka skeleton (D:4)
  31 rats
1946 creatures vanquished.

Vanquished Creatures (collateral kills)
  A tengu reaver (Vaults:3)
  A fire giant (Vaults:1)
  A stone giant (Vaults:3)
  A vault guard (Vaults:2)
  A catoblepas (Lair:5)
  A naga sharpshooter (Snake:2)
  A death yak (Lair:6)
  4 orc high priests (Orc:4)
  3 ravens
  A deep elf summoner (Elf:2)
  10 wandering mushrooms
  A death drake (Swamp:5)
  An ironbrand convoker (Vaults:3)
  2 spectral hydras (Swamp:5)
  3 orc knights (Orc:4)
  An ugly thing (Swamp:1)
  A hill giant (D:12)
  A griffon (Lair:8)
  2 guardian serpents (Snake:5)
  2 elephants
  A rust devil (Orc:4)
  A manticore (Lair:8)
  A phantasmal warrior (Swamp:5)
  A black mamba (Lair:4)
  A spectral spriggan (Swamp:5)
  2 spiny frogs
  An orange demon (Orc:4)
  A yaktaur (Vaults:3)
  A swamp worm zombie (Swamp:5)
  3 komodo dragons
  A kobold demonologist (D:14)
  A jumping spider (Vaults:3)
  A fire drake (Lair:8)
  A freezing wraith (Vaults:3)
  A troll (D:14)
  A spectral swamp dragon (Swamp:5)
  3 blink frogs
  An alligator zombie (Swamp:5)
  A bog body (Swamp:5)
  A tarantella (Elf:1)
  11 yaks
  A ynoxinul (Orc:4)
  4 insubstantial wisps (Swamp:5)
  5 nagas
  2 deep elf fighters
  6 vampire mosquitoes
  A wolf (Lair:2)
  A warg (Orc:3)
  A swamp drake (Swamp:2)
  6 phantoms (Swamp:5)
  9 orc warriors
  A porcupine (Lair:5)
  4 swamp dragon zombies (Swamp:5)
  4 ogres
  3 giant frogs
  2 crocodiles
  A spectral water moccasin (Swamp:5)
  A wyvern zombie (D:12)
  3 killer bees (D:14)
  A wight (D:14)
  A lava snake (Snake:5)
  A jelly (D:11)
  A hound (Lair:1)
  7 orc priests (Orc:4)
  3 orc wizards
  An iguana (Lair:1)
  A spectral swamp drake (Swamp:5)
  A swamp drake zombie (Swamp:5)
  18 river rats
  A shadow imp (D:14)
  5 white imps (D:11)
  2 ufetubi (Orc:4)
  44 orcs
  A hobgoblin (Orc:1)
  3 quokkas
  A giant spore (Lair:6)
  A goblin (Orc:1)
  A butterfly (Lair:6)
  4 toadstools
228 creatures vanquished.

Vanquished Creatures (others)
  A thorn hunter (Swamp:4)
  6 oklob plants (Swamp:5)
  A shadow wraith (Vaults:2)
  An unseen horror (D:15)
  A spriggan druid (Swamp:5)
  A fire vortex (Lair:7)
  A bog body (Swamp:4)
  A deep elf fighter (Vaults:4)
  119 wandering mushrooms
  A sky beast (D:15)
  A slave (D:5)
  A spectral swamp drake (Swamp:5)
  A river rat (Lair:5)
  2 white imps (IceCv)
  4 ufetubi (IceCv)
  An orc (Orc:3)
  A giant spore (D:15)
  A goblin (D:5)
  3 ballistomycetes
  8 fungi
  5 plants
  1627 toadstools
1788 creatures vanquished.

Grand Total: 3962 creatures vanquished

Notes
Turn   | Place    | Note
--------------------------------------------------------------
     0 | D:1      | hannobal, the Ogre Hunter, began the quest for the Orb.
     0 | D:1      | Reached XP level 1. HP: 22/22 MP: 1/1
   479 | D:1      | Reached XP level 2. HP: 22/29 MP: 2/2
   633 | D:1      | Reached skill level 1 in Maces & Flails
  1156 | D:1      | Reached XP level 3. HP: 36/36 MP: 3/3
  2249 | D:3      | Reached XP level 4. HP: 28/44 MP: 4/4
  2503 | D:3      | Reached skill level 5 in Maces & Flails
  2945 | D:3      | Learned a level 2 spell: Swiftness
  2996 | D:3      | Reached XP level 5. HP: 50/50 MP: 5/5
  3077 | D:3      | Reached skill level 1 in Evocations
  3327 | D:3      | Found a snail-covered altar of Cheibriados.
  3406 | D:4      | Found Roseduh's General Store.
  3557 | D:4      | Bought a scroll of identify for 28 gold pieces
  3557 | D:4      | Bought a scroll of identify for 28 gold pieces
  3721 | D:4      | Reached skill level 6 in Maces & Flails
  3728 | D:4      | Found a stormy altar of Qazlal.
  3770 | D:4      | Reached XP level 6. HP: 22/59 MP: 7/7
  4113 | D:3      | Reached skill level 7 in Maces & Flails
  4570 | D:4      | Noticed Grinder
  4576 | D:4      | Killed Grinder
  4576 | D:4      | Reached skill level 9 in Maces & Flails
  4576 | D:4      | Reached XP level 7. HP: 64/66 MP: 8/8
  4632 | D:4      | Noticed an ogre
  4637 | D:4      | Killed an ogre
  4728 | D:4      | Found a staircase to the Ecumenical Temple.
  4736 | Temple   | Entered the Ecumenical Temple
  4841 | Temple   | Became a worshipper of Fedhas Madash
  5007 | D:4      | Found a shadowy altar of Dithmenos.
  5009 | D:4      | Found a basalt altar of Yredelemnul.
  5072 | D:5      | Entered Level 5 of the Dungeon
  5162 | D:5      | Found a sacrificial altar of Ru.
  5181 | D:4      | Found a glowing golden altar of the Shining One.
  5181 | D:4      | Found a shattered altar of Ashenzari.
  5232 | D:5      | Reached skill level 10 in Maces & Flails
  5309 | D:5      | Found a glowing drain.
  5337 | Sewer    | Entered a sewer
  5593 | Sewer    | Reached XP level 8. HP: 72/74 MP: 9/9
  6099 | Sewer    | Reached skill level 5 in Fighting
  6430 | D:5      | Reached skill level 11 in Maces & Flails
  6900 | D:5      | Found an opulent altar of Gozag.
  6942 | D:5      | Noticed Pikel
  6979 | D:5      | Killed Pikel
  6979 | D:5      | Reached XP level 9. HP: 44/88 MP: 10/10
  7738 | D:5      | Reached skill level 12 in Maces & Flails
  7839 | D:6      | Noticed Duvessa
  7839 | D:6      | Noticed Dowan
  7851 | D:6      | Killed Duvessa
  7853 | D:6      | Killed Dowan
  8000 | D:6      | Found a burning altar of Makhleb.
  8201 | D:6      | Found an iron altar of Okawaru.
  8355 | D:6      | Noticed a moth of wrath
  8356 | D:6      | Found a bloodstained altar of Trog.
  8403 | D:6      | Got an ancient spear
  8410 | D:6      | Identified the +7 spear "Doiviun" {pierce, rN++ Str-4 Int+2} (You found it on level 6 of the Dungeon)
  8493 | D:6      | Found Ytuewnet's Armour Shoppe.
  8853 | D:7      | Noticed Blork the orc
  8858 | D:7      | Killed Blork the orc
  8878 | D:7      | Noticed Jessica
  8995 | D:7      | Killed Jessica
  9004 | D:7      | Found a deep blue altar of Sif Muna.
  9165 | D:7      | Reached skill level 13 in Maces & Flails
  9214 | D:7      | Noticed Menkaure
  9224 | D:7      | Killed Menkaure
  9498 | D:4      | Bought 2 scrolls of fog for 56 gold pieces
  9498 | D:4      | Bought a scroll of enchant armour for 105 gold pieces
  9615 | D:7      | Found Kuzakh's Magic Scroll Shoppe.
  9657 | D:7      | Bought a scroll of teleportation for 36 gold pieces
  9657 | D:7      | Bought a scroll of teleportation for 36 gold pieces
  9751 | D:8      | Noticed Joseph
  9907 | D:8      | Killed Joseph
  9907 | D:8      | Reached skill level 14 in Maces & Flails
  9907 | D:8      | Reached XP level 10. HP: 29/100 MP: 11/11
  9911 | D:8      | Acquired Fedhas' first power
 10344 | D:8      | Noticed Prince Ribbit
 10516 | D:7      | Killed Prince Ribbit
 10784 | D:8      | Noticed Maurice
 10794 | D:8      | Killed Maurice
 10794 | D:8      | Reached skill level 15 in Maces & Flails
 10968 | D:7      | Bought a scroll of enchant armour for 90 gold pieces
 11213 | D:7      | Bought a scroll of remove curse for 36 gold pieces
 11672 | D:9      | Found a radiant altar of Vehumet.
 11710 | D:9      | Paralysed by a wasp for 2 turns
 12045 | D:9      | Reached skill level 16 in Maces & Flails
 12368 | D:9      | Found a staircase to the Orcish Mines.
 12391 | D:9      | Found a glowing golden altar of the Shining One.
 13147 | D:7      | Bought a scroll of identify for 24 gold pieces
 13147 | D:7      | Bought a scroll of identify for 24 gold pieces
 13233 | Orc:1    | Entered Level 1 of the Orcish Mines
 13697 | D:9      | Acquired Fedhas' second power
 14262 | Orc:2    | Reached skill level 1 in Invocations
 14262 | Orc:2    | Reached XP level 11. HP: 115/115 MP: 11/13
 14436 | Orc:1    | Acquired Fedhas' third power
 14646 | Orc:2    | Reached skill level 10 in Fighting
 15091 | Orc:3    | Noticed Snorg
 15100 | Orc:3    | Killed Snorg
 15107 | Orc:3    | Reached skill level 5 in Dodging
 15123 | Orc:3    | Found Taomiwuwy's Food Boutique.
 15124 | Orc:3    | Noticed an orc knight
 15145 | Orc:3    | Killed an orc knight
 15589 | Orc:3    | Noticed an orc warlord
 15735 | Orc:3    | Killed an orc warlord
 15735 | Orc:3    | Reached skill level 5 in Invocations
 16009 | Orc:3    | Reached skill level 5 in Throwing
 16016 | Orc:3    | Noticed Josephine
 16024 | Orc:3    | Killed Josephine
 17033 | Orc:4    | Entered Level 4 of the Orcish Mines
 17378 | Orc:4    | Reached XP level 12. HP: 112/126 MP: 22/22
 17504 | Orc:4    | Found a burning altar of Makhleb.
 17539 | Orc:4    | Found a staircase to the Elven Halls.
 17586 | Orc:4    | Noticed an orc knight
 17586 | Orc:4    | Noticed an orc knight
 17606 | Orc:4    | Killed an orc knight
 17610 | Orc:4    | Killed an orc knight
 17739 | Orc:4    | Noticed an orc high priest
 17751 | Orc:4    | Killed an orc high priest
 17782 | Orc:4    | Noticed an orc knight
 17783 | Orc:4    | Noticed an orc knight
 18329 | Orc:4    | Noticed an orc high priest
 18331 | Orc:4    | Noticed a shock serpent
 18331 | Orc:4    | an orc high priest changed into a shock serpent
 18652 | D:10     | Entered Level 10 of the Dungeon
 19672 | D:11     | Found a frozen archway.
 19730 | IceCv    | Entered an ice cave
 19869 | IceCv    | Reached skill level 1 in Armour
 21632 | IceCv    | Got a steaming demon whip
 21633 | IceCv    | Identified the +3 demon whip "Goblinslayer" {vamp, rPois rC- MR+ Int+4 Dex+4} (You found it in an ice cave)
 22130 | D:11     | Reached XP level 13. HP: 119/144 MP: 23/23
 22265 | D:11     | Found a staircase to the Lair.
 22628 | Lair:1   | Entered Level 1 of the Lair of Beasts
 23726 | Lair:2   | Learned a level 2 spell: Blink
 23728 | Lair:2   | Learned a level 1 spell: Apportation
 23732 | Lair:2   | Learned a level 3 spell: Portal Projectile
 23752 | Lair:2   | Reached skill level 1 in Spellcasting
 23930 | Lair:2   | Reached skill level 1 in Translocations
 24851 | Lair:3   | Acquired Fedhas' fourth power
 25231 | Lair:3   | Reached skill level 5 in Spellcasting
 25388 | Lair:3   | You fall through a shaft!
 25673 | Lair:4   | Found a staircase to the Swamp.
 26806 | Lair:5   | Reached XP level 14. HP: 98/153 MP: 26/26
 26828 | Lair:5   | Acquired Fedhas' fifth power
 27043 | Lair:5   | Found a staircase to the Snake Pit.
 27046 | Lair:5   | Got a translucent quarterstaff
 27047 | Lair:5   | Identified the +5 quarterstaff of Khowaz {venom, rC+ rN+} (You found it on level 5 of the Lair of Beasts)
 27410 | Lair:5   | Reached skill level 10 in Throwing
 29300 | Lair:2   | Reached skill level 17 in Maces & Flails
 30058 | Lair:7   | Found a viscous altar of Jiyva.
 30142 | Lair:7   | Found a shattered altar of Ashenzari.
 30765 | Lair:7   | Found a staircase to the Slime Pits.
 31098 | Lair:8   | Entered Level 8 of the Lair of Beasts
 31159 | Lair:8   | Noticed Rupert
 31166 | Lair:8   | Killed Rupert
 31426 | Lair:8   | Got a dazzling rapier
 31427 | Lair:8   | Identified the +9 rapier "Dragonslayer" {freeze, rF+} (You found it on level 8 of the Lair of Beasts)
 31896 | Lair:8   | Reached skill level 18 in Maces & Flails
 32055 | Lair:8   | Reached XP level 15. HP: 133/161 MP: 27/27
 32955 | Orc:4    | Killed a shock serpent
 33082 | Orc:4    | Reached skill level 1 in Charms
 33110 | Orc:4    | Reached skill level 1 in Air Magic
 33125 | Orc:4    | Killed an orc knight
 33202 | Orc:4    | Noticed an orc knight
 33206 | Orc:4    | Killed an orc knight
 33331 | Orc:4    | Killed an orc knight
 33362 | Orc:4    | Noticed an orc high priest
 33378 | Orc:4    | Killed an orc high priest
 33467 | Orc:4    | Noticed an orc high priest
 33483 | Orc:4    | Noticed an orc high priest
 33483 | Orc:4    | Killed an orc high priest
 33492 | Orc:4    | Killed an orc high priest
 33626 | Orc:4    | Found Blaa's Armour Shoppe.
 33626 | Orc:4    | Found Fear's Food Shoppe.
 33626 | Orc:4    | Found Dafur's Armour Shoppe.
 33627 | Orc:4    | Found Gaofom's Food Emporium.
 33645 | Orc:4    | Bought a +1 hat of magic resistance for 208 gold pieces
 33995 | D:12     | Found Wacur's Book Emporium.
 34005 | D:12     | Bought a book of Minor Magic for 240 gold pieces
 34008 | D:12     | Learned a level 2 spell: Repel Missiles
 34137 | D:12     | Reached skill level 19 in Maces & Flails
 34143 | D:12     | Noticed jazmu's ghost (powerful GrAs)
 34160 | D:12     | Killed jazmu's ghost
 34327 | D:12     | Found Tosifobb's Gadget Shop.
 34389 | D:12     | Found an iron altar of Okawaru.
 34476 | D:12     | Found Cuil's General Store.
 34479 | D:12     | Bought a potion of curing for 42 gold pieces
 34479 | D:12     | Bought 2 scrolls of identify for 56 gold pieces
 34479 | D:12     | Bought a scroll of magic mapping for 49 gold pieces
 34479 | D:12     | Bought a cursed ring of teleportation for 203 gold pieces
 34488 | D:12     | Found Xazyub's Gadget Shop.
 35218 | D:13     | Noticed Erolcha
 35224 | D:13     | Killed Erolcha
 35324 | D:13     | Noticed Nessos
 35338 | D:13     | Killed Nessos
 35576 | D:13     | Reached skill level 20 in Maces & Flails
 35785 | D:13     | Found a basalt altar of Yredelemnul.
 36894 | D:14     | Found a gate to the Vaults.
 37370 | D:14     | Reached skill level 21 in Maces & Flails
 37882 | D:14     | Reached XP level 16. HP: 146/170 MP: 27/27
 37982 | D:15     | Entered Level 15 of the Dungeon
 38635 | D:15     | Found a staircase to the Depths.
 38688 | D:15     | Reached skill level 22 in Maces & Flails
 38957 | D:12     | Bought a book of the Dragon for 1080 gold pieces
 38961 | D:12     | Learned a level 3 spell: Flight
 39083 | Swamp:1  | Entered Level 1 of the Swamp
 39342 | Swamp:1  | Noticed Agnes
 39353 | Swamp:1  | Killed Agnes
 42453 | Swamp:3  | You fall through a shaft!
 42475 | Swamp:4  | Got a slimy war axe
 42476 | Swamp:4  | Identified the +8 war axe "Death Rattle" {venom, rN+ Dex+2} (You found it on level 4 of the Swamp)
 43414 | Swamp:4  | Noticed a thorn hunter
 43596 | Swamp:4  | Killed a thorn hunter
 43913 | Swamp:5  | Entered Level 5 of the Swamp
 43982 | Swamp:5  | Reached XP level 17. HP: 180/180 MP: 28/31
 45020 | Swamp:5  | Reached skill level 15 in Fighting
 45486 | Swamp:5  | Noticed a bone dragon
 45505 | Swamp:5  | Killed a bone dragon
 45528 | Swamp:5  | Got a decaying rune of Zot
 45946 | Snake:1  | Entered Level 1 of the Snake Pit
 46242 | Snake:1  | Reached skill level 10 in Invocations
 46459 | Snake:1  | Found Qattud's Food Emporium.
 46815 | Snake:2  | Noticed Vashnia
 46954 | Snake:2  | Found a flickering gateway to a bazaar.
 46963 | Bazaar   | Entered a bazaar
 46968 | Bazaar   | Found Rocro's Armour Emporium.
 46969 | Bazaar   | Found Jipp's Distillery.
 46994 | Bazaar   | Found Mnobbuch's Jewellery Boutique.
 46996 | Bazaar   | Found Qock's Food Shop.
 47011 | Bazaar   | Found Doarocha's Book Emporium.
 47030 | Bazaar   | Found Alurelyos' Weapon Shoppe.
 47035 | Bazaar   | Upgraded the game from 0.16.1-18-g436b03c to 0.16.1-25-gbcee3f8
 47042 | Bazaar   | Bought the ring "Fes Ska" {Wiz MR++ Dex+2} for 545 gold pieces
 47042 | Bazaar   | Bought an uncursed amulet of warding for 165 gold pieces
 47059 | Bazaar   | Bought a potion of heal wounds for 55 gold pieces
 47059 | Bazaar   | Bought 2 potions of curing for 66 gold pieces
 47059 | Bazaar   | Bought a potion of curing for 33 gold pieces
 47059 | Bazaar   | Bought a potion of curing for 33 gold pieces
 47092 | Snake:2  | Noticed Jorgrun
 47105 | Snake:2  | Killed Jorgrun
 48145 | Snake:2  | HP: 3/182 [Vashnia/arrow (7)]
 48147 | Snake:2  | Killed Vashnia
 48349 | Snake:2  | Got a slimy quarterstaff
 48350 | Snake:2  | Identified the cursed -5 quarterstaff of the Big Bang {freeze, +Blink rElec rC+ Str-2 Dex+3} (You found it on level 2 of the Snake Pit)
 49833 | Snake:4  | Found a deep blue altar of Sif Muna.
 49961 | Snake:4  | Reached XP level 18. HP: 189/191 MP: 31/31
 50049 | Snake:4  | Found Bluyneg's Food Emporium.
 51089 | Orc:3    | Bought 3 fruits for 54 gold pieces
 51176 | Orc:4    | Bought 3 fruits for 54 gold pieces
 51176 | Orc:4    | Bought 5 fruits for 90 gold pieces
 52057 | Snake:5  | Entered Level 5 of the Snake Pit
 52163 | Snake:5  | Reached skill level 10 in Dodging
 52537 | Snake:5  | Got a bloodstained hunting sling
 52538 | Snake:5  | Identified the +7 hunting sling of Prudence {flame, rF- rN+ Int+6 Dex-2 SInv} (You found it on level 5 of the Snake Pit)
 54496 | Snake:5  | Got a serpentine rune of Zot
 55086 | Elf:1    | Entered Level 1 of the Elven Halls
 55387 | Elf:1    | Noticed a Brimstone Fiend
 55653 | Elf:1    | Reached skill level 5 in Charms
 55943 | Elf:1    | Identified the Compendium of Summoning
 56062 | Elf:1    | Reached XP level 19. HP: 188/202 MP: 22/33
 56286 | Elf:2    | Reached skill level 5 in Translocations
 57253 | Elf:2    | Found a deep blue altar of Sif Muna.
 57516 | Elf:2    | Learned a level 1 spell: Summon Butterflies
 57609 | Elf:2    | Got a crude lead amulet
 57611 | Elf:2    | Identified the amulet "Stexoad" {Gourm rElec Dex+4} (You took it off a deep elf priest on level 2 of the Elven Halls)
 57872 | D:7      | Bought a scroll of magic mapping for 42 gold pieces
 57872 | D:7      | Bought a scroll of recharging for 114 gold pieces
 57872 | D:7      | Bought a scroll of fog for 24 gold pieces
 57928 | D:4      | Bought an ornate deck of wonders for 280 gold pieces
 58178 | Vaults:1 | Entered Level 1 of the Vaults
 58239 | Vaults:1 | Reached skill level 1 in Summonings
 58944 | Vaults:1 | Found Stea's Gadget Shop.
 59047 | Vaults:1 | Learned a level 2 spell: Cure Poison
 59094 | Vaults:1 | Reached skill level 1 in Poison Magic
 59216 | Vaults:1 | Reached skill level 1 in Stealth
 59858 | Vaults:1 | Bought a wand of draining (4) for 96 gold pieces
 61586 | Vaults:2 | Reached skill level 15 in Throwing
 62007 | Vaults:2 | Found a staircase to the Crypt.
 62187 | Vaults:2 | Reached XP level 20. HP: 213/219 MP: 34/34
 62660 | Vaults:2 | Found Stroopp's Food Shop.
 63449 | Vaults:3 | Got an ichor-stained flail
 63450 | Vaults:3 | Identified the +6 flail of Xemite Fasmo {flame, Int+3} (You found it on level 3 of the Vaults)
 63483 | Vaults:3 | Got a twisted trident
 63484 | Vaults:3 | Identified the +6 trident of Jukuc {pierce, rF+ rC+} (You found it on level 3 of the Vaults)
 65849 | Vaults:3 | HP: 8/224 [lich (7)]
 65852 | Vaults:3 | HP: 3/224 [lich (3)]
 65864 | Vaults:3 | HP: 3/224 [deep troll[an ironheart preserver] (10)]
 66887 | Vaults:4 | Noticed Mennas
 66903 | Vaults:4 | Killed Mennas
 67406 | Vaults:4 | Reached XP level 21. HP: 201/232 MP: 34/34
 67409 | Vaults:4 | Reached skill level 15 in Dodging
 68514 | D:9      | Learned a level 2 spell: Shroud of Golubria
 68518 | D:9      | Learned a level 3 spell: Regeneration
 68523 | D:9      | Learned a level 4 spell: Passage of Golubria
 68527 | D:9      | Learned a level 3 spell: Spectral Weapon
 68696 | Depths:1 | Entered Level 1 of the Depths
 68705 | Depths:1 | Found a gateway to Hell.
 68711 | Depths:1 | Found a one-way gate to the infinite horrors of the Abyss.
 68777 | Depths:1 | Reached skill level 1 in Hexes
 68820 | Depths:1 | Reached skill level 1 in Necromancy
 69433 | Depths:1 | Noticed Sojobo
 69441 | Depths:1 | Killed Sojobo
 70100 | Depths:1 | Noticed Aizul
 70111 | Depths:1 | Killed Aizul
 70646 | D:12     | Bought a fan of gales for 520 gold pieces
 71600 | Depths:2 | Noticed Norris
 71964 | Depths:1 | Killed Norris
 72291 | Depths:2 | Found a gateway to a ziggurat.
 72333 | Depths:2 | Reached XP level 22. HP: 197/245 MP: 32/35
 72684 | Depths:2 | Reached skill level 10 in Translocations
 73159 | D:15     | Learned a level 7 spell: Controlled Blink
 73168 | D:15     | Learned a level 6 spell: Dispersal
 73299 | Depths:2 | HP: 8/245 [deep troll earth mage (11)]
 73304 | Depths:2 | Hit by a large rock thrown by a stone giant

Action                   |  1- 3 |  4- 6 |  7- 9 | 10-12 | 13-15 | 16-18 | 19-21 | 22-24 || total
-------------------------+-------+-------+-------+-------+-------+-------+-------+-------++-------
Melee: Short sword       |    35 |       |       |       |       |       |       |       ||    35
       Club              |   109 |       |       |       |       |       |       |       ||   109
       Whip              |    38 |    59 |    19 |    12 |       |       |       |       ||   128
       Flail             |       |   133 |    59 |       |       |       |       |       ||   192
       Giant spiked club |       |       |   340 |   719 |   710 |  1309 |  1264 |    90 ||  4432
       Demon whip        |       |       |       |    27 |   603 |       |       |       ||   630
       Unarmed           |       |       |       |       |       |     5 |       |       ||     5
 Fire: Hunting sling     |       |       |    60 |       |       |       |       |       ||    60
       Blowgun           |       |       |       |       |       |       |     8 |       ||     8
Throw: Large rock        |    13 |    17 |    17 |    35 |    56 |   196 |   226 |     5 ||   565
       Stone             |     4 |    11 |     2 |     4 |       |       |       |       ||    21
       Throwing net      |     2 |       |       |     1 |       |       |       |       ||     3
       Tomahawk          |       |     9 |    33 |    96 |   308 |    30 |    16 |       ||   492
       Javelin           |       |       |       |     5 |    21 |    12 |     2 |       ||    40
 Cast: Repel Missiles    |       |       |       |       |     4 |    22 |    18 |       ||    44
       Flight            |       |       |       |       |       |    16 |     2 |       ||    18
       Blink             |       |       |       |       |       |    11 |     3 |     2 ||    16
       Apportation       |       |       |       |       |       |     1 |     6 |     2 ||     9
       Portal Projectile |       |       |       |       |       |     6 |    26 |       ||    32
       Cure Poison       |       |       |       |       |       |       |     2 |       ||     2
       Shroud of Golubri |       |       |       |       |       |       |     1 |       ||     1
Invok: Evolution         |       |       |       |    38 |    34 |    57 |    26 |       ||   155
       Reproduction      |       |       |       |       |     1 |       |       |       ||     1
       Growth            |       |       |       |       |       |     4 |       |       ||     4
Evoke: Wand              |       |       |     4 |     5 |     4 |    14 |     2 |       ||    29
       Disc of storms    |       |       |       |       |       |       |     5 |       ||     5
  Use: Potion            |     4 |     2 |     2 |     2 |     3 |    15 |    10 |     1 ||    39
       Scroll            |     6 |     3 |     9 |    17 |    18 |    28 |    15 |     3 ||    99
 Stab: Sleeping          |     1 |       |       |       |     1 |       |     1 |       ||     3
       Distracted        |       |     1 |       |     2 |     3 |     3 |     4 |       ||    13
       Confused          |       |       |       |     3 |    13 |     5 |     6 |       ||    27
       Held in net/web   |       |       |       |     1 |       |       |       |       ||     1
       Petrified         |       |       |       |       |     5 |       |       |       ||     5
       Invisible         |       |       |       |       |       |       |     2 |       ||     2
  Eat: Chunk             |     4 |     8 |    17 |    13 |    43 |    37 |    57 |     5 ||   184
       Beef jerky        |       |       |       |     6 |     1 |     2 |     1 |       ||    10
       Royal jelly       |       |       |       |    12 |     2 |     1 |     2 |       ||    17
       Bread ration      |       |       |       |     1 |     2 |     8 |     1 |       ||    12
       Pizza             |       |       |       |       |     2 |     3 |     2 |       ||     7
